 Dungeon Crawl Stone Soup version 0.21.1-1-g345015f (webtiles) character file.

3989 theblackcape the Magician (level 10, -8/76 (77) HPs)
             Began as a Gnoll Skald on July 14, 2018.
             Was an Elder of Okawaru.
             Mangled by a shadow (15 damage)
             ... on level 7 of the Dungeon on July 15, 2018.
             The game lasted 00:29:52 (7144 turns).

theblackcape the Magician (Gnoll Skald)             Turns: 7144, Time: 00:29:53

HP:   -8/76 (77)    AC:  6    Str: 17    XL:     10   Next: 22%
MP:   20/29         EV: 19    Int: 16    God:    Okawaru [****..]
Gold: 234           SH:  5    Dex: 14    Spells: 12/23 levels left

rFire    . . .     SeeInvis .   h - +2 falchion (slice)
rCold    . . .     Gourm    .   (no shield)
rNeg     . . .     Faith    .   b - +0 leather armour
rPois    .         Spirit   .   (no helmet)
rElec    .         Reflect  +   o - +1 cloak
rCorr    .         Harm     .   (no gloves)
MR       .....                  (no boots)
Stlth    +++.......             w - +5 amulet of reflection
HPRegen  0.22/turn              B - +3 ring of evasion
MPRegen  0.21/turn              F - ring of magical power

@: about to teleport
A: distributed training, fangs 1, strong nose
a: Heroism, Renounce Religion


You were on level 7 of the Dungeon.
You worshipped Okawaru.
Okawaru was greatly pleased with you.
You were hungry.

You visited 2 branches of the dungeon, and saw 8 of its levels.

You collected 234 gold pieces.

Inventory:

Hand Weapons
 h - a +2 falchion of slicing (weapon)
Missiles
 E - 5 tomahawks (quivered)
Armour
 b - a +0 leather armour (worn)
 o - a +1 cloak (worn)
Jewellery
 w - a +5 amulet of reflection (around neck)
 A - an uncursed amulet of harm
 B - a +3 ring of evasion (left hand)
 F - a ring of magical power (right hand)
Wands
 v - a wand of random effects (10)
 z - a wand of enslavement (5)
Scrolls
 a - a scroll of fog
 g - a scroll of noise {unknown}
 k - 2 scrolls of immolation {unknown}
 l - 5 scrolls of remove curse
 q - 3 scrolls of enchant armour
 t - a scroll of enchant weapon
 D - a scroll of fear {unknown}
Potions
 e - a potion of ambrosia {unknown}
 f - 7 potions of curing
 i - a potion of might
 j - a potion of flight {unknown}
 m - a potion of agility
 n - 2 potions of haste
 p - a potion of experience {unknown}
 s - a potion of cancellation {unknown}
 x - a potion of lignification {unknown}
 G - a potion of berserk rage
Books
 c - a book of Battle

   Spells                             Type                      Level
   a - Infusion                       Charms                       1
   b - Shroud of Golubria             Charms/Translocation         2
   c - Song of Slaying                Charms                       2
   d - Spectral Weapon                Hexes/Charms                 3
   e - Regeneration                   Charms/Necromancy            3
 u - a Fen Folio

   Spells                             Type                      Level
   a - Corpse Rot                     Necromancy                   2
   b - Stone Arrow                    Conjuration/Earth            3
   c - Leda's Liquefaction            Hexes/Earth                  4
   d - Summon Forest                  Summoning/Translocation      5
   e - Hydra Form                     Transmutation                6
   f - Summon Hydra                   Summoning                    7
Comestibles
 d - 5 rations
 C - 2 chunks of flesh


   Skills:
 + Level 6.8 Fighting
 + Level 5.0 Short Blades
 + Level 6.8 Long Blades
 + Level 5.0 Axes
 + Level 5.0 Maces & Flails
 + Level 5.0 Polearms
 + Level 5.0 Staves
 + Level 5.0 Slings
 + Level 5.0 Bows
 + Level 5.0 Crossbows
 + Level 5.0 Throwing
 + Level 5.6 Armour
 + Level 6.8 Dodging
 + Level 5.0 Stealth
 + Level 5.0 Shields
 + Level 5.0 Unarmed Combat
 + Level 7.1 Spellcasting
 + Level 4.1 Conjurations
 + Level 4.1 Hexes
 + Level 6.9 Charms
 + Level 4.1 Summonings
 + Level 4.1 Necromancy
 + Level 4.1 Translocations
 + Level 4.1 Transmutations
 + Level 4.1 Fire Magic
 + Level 4.1 Ice Magic
 + Level 4.1 Air Magic
 + Level 4.1 Earth Magic
 + Level 4.1 Poison Magic
 + Level 5.4 Invocations
 + Level 5.0 Evocations


You had 12 spell levels left.
You knew the following spells:

 Your Spells              Type           Power        Failure   Level  Hunger
a - Infusion              Chrm           ####         1%          1    None
b - Shroud of Golubria    Chrm/Tloc      ###.......   2%          2    None
c - Song of Slaying       Chrm           ####....     1%          2    None
d - Spectral Weapon       Hex/Chrm       ###.....     4%          3    ##.....
e - Regeneration          Chrm/Necr      ###.......   4%          3    ##.....


Dungeon Overview and Level Annotations

Branches:
Dungeon (7/15)             Temple (1/1) D:5

Altars:
Ashenzari
Cheibriados
Dithmenos
Elyvilon
Fedhas
Gozag
Hepliaklqana
Kikubaaqudgha
Makhleb
Nemelex Xobeh
Okawaru
Qazlal
Ru
Sif Muna
Trog
Uskayaw
Vehumet
Wu Jian
Xom
Yredelemnul
Zin
The Shining One

Shops:
D:3 *


Innate Abilities, Weirdness & Mutations

Your experience applies equally to all skills.
You have very sharp teeth.
Your uncanny sense of smell can sniff out nearby items.


Message History

The shadow is severely damaged.
The shadow closely misses you.
You barely miss the shadow. Your bite misses the shadow.
The shadow is severely damaged.
You block the shadow's attack.
You hit the shadow but do no damage.
The shadow is severely damaged.
The orc wizard mumbles some strange words.
The orc wizard blinks!
The shadow closely misses you.
You riposte.
You closely miss the shadow.
The shadow is severely damaged.
A hound zombie comes into view.
As you read the scroll of teleportation, it crumbles to dust.
You feel strangely unstable.
The shadow slips into darkness.
The shadow flickers and vanishes!
Deactivating autopickup; reactivate with Ctrl-A.
You hit something.
The shadow strikes at you from the darkness!
You die... ∆##.## #.# #.# #. #...# )∆| ##.#####.###. ##.### "#o #............ #...## )Z[

##...########. ##.#..## #z#
#..### #. #).##..## #t###.## #.
##†..##..###{##..# #.
#(##..##..##{##.## ##.
##..##..##.##@#..# #))
#'#+#######)#'#.## #)) #(##..
##.)##.# ###.. ##.##..g
##...#..##########...#
#.#.##...#...##................
#...###.....##...##########...#
#.###.###...###...# #....
#.....####.###..#.# #....
#.#####)# #.###....# #####


You could see a skeletal warrior, a crocodile, an orc wizard and a hound zombie.

Vanquished Creatures
  The ghost of soepske the Firebug, a novice DrFE of Zin (D:7)
  Pikel (D:6)
  A troll (D:7)
  Prince Ribbit (D:5)
  Eustachio (D:4)
  A vampire mosquito (D:7)
  An ice beast (D:6)
  3 slaves (D:6)
  2 orc warriors (D:7)
  A necrophage (D:6)
  A phantom (D:6)
  5 ogres
  3 centaurs
  A bullfrog (D:7)
  2 scorpions
  2 killer bees (D:7)
  A jelly (D:5)
  3 crimson imps
  A bullfrog zombie (D:5)
  A hound (D:7)
  A centaur skeleton (D:7)
  5 orc priests
  3 orc wizards
  A bullfrog skeleton (D:4)
  A gnoll shaman (D:5)
  2 iguanas
  Jessica (D:3)
  4 worker ants
  A statue (D:5)
  A mummy (D:5)
  8 gnolls
  8 adders
  3 worms
  A dart slug (D:2)
  5 leopard geckos
  28 orcs
  10 bats
  6 giant cockroaches
  6 goblins
  10 hobgoblins
  12 jackals
  3 quokkas
  2 ball pythons
  3 frilled lizards
  2 hobgoblin zombies (D:5)
  A jackal skeleton (D:5)
  6 kobolds
  A leopard gecko skeleton (D:6)
  2 orc zombies (D:5)
  2 quokka skeletons
  12 rats
184 creatures vanquished.

Vanquished Creatures (others)
  7 fungi (D:6)
7 creatures vanquished.

Grand Total: 191 creatures vanquished

Notes
Turn   | Place    | Note
-------+----------+-------------------------------------------
     0 | D:1      | theblackcape the Gnoll Skald began the quest for the Orb.
     0 | D:1      | Reached XP level 1. HP: 20/20 MP: 6/6
   131 | D:1      | Reached XP level 2. HP: 26/26 MP: 4/7
   163 | D:1      | Learned a level 2 spell: Shroud of Golubria
   166 | D:1      | Learned a level 2 spell: Song of Slaying
   448 | D:1      | Reached XP level 3. HP: 31/31 MP: 6/9
   456 | D:1      | Learned a level 3 spell: Spectral Weapon
   460 | D:1      | Learned a level 3 spell: Regeneration
   481 | D:1      | Reached skill level 5 in Spellcasting
   849 | D:2      | Reached skill level 1 in Invocations
  1029 | D:2      | Reached skill level 1 in Short Blades
  1029 | D:2      | Reached skill level 1 in Axes
  1029 | D:2      | Reached skill level 1 in Maces & Flails
  1029 | D:2      | Reached skill level 1 in Polearms
  1029 | D:2      | Reached skill level 1 in Staves
  1029 | D:2      | Reached skill level 1 in Slings
  1029 | D:2      | Reached skill level 1 in Bows
  1029 | D:2      | Reached skill level 1 in Crossbows
  1029 | D:2      | Reached skill level 1 in Throwing
  1029 | D:2      | Reached skill level 1 in Stealth
  1029 | D:2      | Reached skill level 1 in Shields
  1029 | D:2      | Reached skill level 1 in Unarmed Combat
  1029 | D:2      | Reached skill level 1 in Evocations
  1095 | D:2      | Reached XP level 4. HP: 26/38 MP: 4/11
  1579 | D:3      | Found Zin's Purification Station.
  1582 | D:3      | Found a glowing silver altar of Zin.
  1611 | D:3      | Reached skill level 1 in Conjurations
  1611 | D:3      | Reached skill level 1 in Hexes
  1611 | D:3      | Reached skill level 1 in Summonings
  1611 | D:3      | Reached skill level 1 in Necromancy
  1611 | D:3      | Reached skill level 1 in Translocations
  1611 | D:3      | Reached skill level 1 in Transmutations
  1611 | D:3      | Reached skill level 1 in Fire Magic
  1611 | D:3      | Reached skill level 1 in Ice Magic
  1611 | D:3      | Reached skill level 1 in Air Magic
  1611 | D:3      | Reached skill level 1 in Earth Magic
  1611 | D:3      | Reached skill level 1 in Poison Magic
  1840 | D:3      | Noticed Jessica
  1847 | D:3      | Killed Jessica
  1847 | D:3      | Reached XP level 5. HP: 43/43 MP: 6/12
  1889 | D:3      | Found a shimmering altar of Xom.
  2062 | D:3      | Found a deep blue altar of Sif Muna.
  2593 | D:4      | Reached XP level 6. HP: 42/50 MP: 13/13
  2658 | D:4      | Noticed Eustachio
  2691 | D:4      | Killed Eustachio
  2691 | D:4      | Reached skill level 5 in Fighting
  2691 | D:4      | Reached skill level 5 in Long Blades
  2691 | D:4      | Reached skill level 5 in Dodging
  2889 | D:4      | Reached XP level 7. HP: 50/56 MP: 11/15
  3948 | D:5      | Entered Level 5 of the Dungeon
  3958 | D:5      | Found a staircase to the Ecumenical Temple.
  3968 | Temple   | Entered the Ecumenical Temple
  4143 | Temple   | Became a worshipper of Warmaster Okawaru
  4268 | D:5      | Found a radiant altar of Vehumet.
  4327 | D:5      | Found a sacrificial altar of Ru.
  4403 | D:5      | Noticed Prince Ribbit
  4432 | D:5      | Killed Prince Ribbit
  4664 | D:5      | Reached XP level 8. HP: 55/63 MP: 9/16
  4669 | D:5      | Reached * piety under Okawaru
  5300 | D:5      | Reached skill level 6 in Spellcasting
  5592 | D:6      | Reached ** piety under Okawaru
  5716 | D:6      | Reached XP level 9. HP: 62/68 MP: 18/18
  5769 | D:6      | Noticed Pikel
  5806 | D:6      | Killed Pikel
  6124 | D:6      | Reached skill level 5 in Armour
  6448 | D:7      | Found a sparkling altar of Nemelex Xobeh.
  6463 | D:7      | Reached *** piety under Okawaru
  6689 | D:7      | Noticed soepske's ghost (novice DrFE)
  6711 | D:7      | HP: 3/70 [burnt (2)]
  6718 | D:7      | Killed soepske's ghost
  6718 | D:7      | Reached skill level 7 in Spellcasting
  6718 | D:7      | Reached skill level 5 in Invocations
  6718 | D:7      | Reached XP level 10. HP: 5/76 MP: 20/20
  7060 | D:7      | Reached **** piety under Okawaru
  7120 | D:7      | Noticed a skeletal warrior
  7133 | D:7      | Reached skill level 5 in Short Blades
  7133 | D:7      | Reached skill level 5 in Axes
  7133 | D:7      | Reached skill level 5 in Maces & Flails
  7133 | D:7      | Reached skill level 5 in Polearms
  7133 | D:7      | Reached skill level 5 in Staves
  7133 | D:7      | Reached skill level 5 in Slings
  7133 | D:7      | Reached skill level 5 in Bows
  7133 | D:7      | Reached skill level 5 in Crossbows
  7133 | D:7      | Reached skill level 5 in Throwing
  7133 | D:7      | Reached skill level 5 in Stealth
  7133 | D:7      | Reached skill level 5 in Shields
  7133 | D:7      | Reached skill level 5 in Unarmed Combat
  7133 | D:7      | Reached skill level 5 in Evocations
  7144 | D:7      | Mangled by a shadow

Skill      XL: |  1  2  3  4  5  6  7  8  9 10 |
---------------+-------------------------------+-----
Spellcasting   | 5 6 7 |  7.1
Invocations    | 1 2 3 4 5 |  5.4
Short Blades   | 1 2 3 4 5 |  5.0
Axes           | 1 2 3 4 5 |  5.0
Maces & Flails | 1 2 3 4 5 |  5.0
Polearms       | 1 2 3 4 5 |  5.0
Staves         | 1 2 3 4 5 |  5.0
Slings         | 1 2 3 4 5 |  5.0
Bows           | 1 2 3 4 5 |  5.0
Crossbows      | 1 2 3 4 5 |  5.0
Throwing       | 1 2 3 4 5 |  5.0
Stealth        | 1 2 3 4 5 |  5.0
Shields        | 1 2 3 4 5 |  5.0
Unarmed Combat | 1 2 3 4 5 |  5.0
Evocations     | 1 2 3 4 5 |  5.0
Conjurations   | 1 2 3 4 |  4.1
Hexes          | 1 2 3 4 |  4.1
Summonings     | 1 2 3 4 |  4.1
Necromancy     | 1 2 3 4 |  4.1
Translocations | 1 2 3 4 |  4.1
Transmutations | 1 2 3 4 |  4.1
Fire Magic     | 1 2 3 4 |  4.1
Ice Magic      | 1 2 3 4 |  4.1
Air Magic      | 1 2 3 4 |  4.1
Earth Magic    | 1 2 3 4 |  4.1
Poison Magic   | 1 2 3 4 |  4.1
Armour         | 3 4 5 |  5.6
Fighting       | 5 6 |  6.8
Long Blades    | 5 6 |  6.8
Dodging        | 5 6 |  6.8
Charms         | 6 |  6.9

Action                   |  1- 3 |  4- 6 |  7- 9 | 10-12 || total
-------------------------+-------+-------+-------+-------++-------
Melee: Falchion          |    93 |   122 |   327 |    51 ||   593
       Bite              |     8 |    14 |    41 |     5 ||    68
       Punch             |       |     1 |    11 |     1 ||    13
Throw: Throwing net      |     1 |       |       |       ||     1
       Tomahawk          |       |       |     2 |       ||     2
 Cast: Infusion          |     9 |     9 |    26 |     2 ||    46
       Spectral Weapon   |     1 |       |       |       ||     1
       Shroud of Golubri |       |     7 |    18 |     2 ||    27
       Song of Slaying   |       |     5 |     7 |     2 ||    14
Invok: Heroism           |       |       |     2 |       ||     2
  Use: Scroll            |       |    10 |     4 |     1 ||    15
       Potion            |       |     1 |     1 |       ||     2
 Stab: Sleeping          |     3 |     2 |     1 |       ||     6
  Eat: Chunk             |     1 |     3 |     9 |     1 ||    14
       Ration            |       |     1 |     1 |       ||     2
Armor: Leather armour    |    22 |    74 |    32 |     9 ||   137
Dodge: Dodged            |    64 |   196 |   221 |    48 ||   529
Block: Other             |       |       |    51 |    18 ||    69
       Reflection        |       |       |     1 |       ||     1
       Rpst.: Falchion   |    29 |    56 |    65 |     6 ||   156
